 Dungeon Crawl Stone Soup version 0.20.0-10-g0535bb4 (webtiles) character file.

492 SedStubbie the Covert (level 7, 0/45 HPs)
             Began as an Octopode Assassin on June 3, 2017.
             Was a Follower of Dithmenos.
             Splashed by a jelly's acid (6 damage)
             ... on level 5 of the Dungeon.
             The game lasted 00:08:14 (4365 turns).

SedStubbie the Covert (Octopode Assassin)           Turns: 4365, Time: 00:08:17

Health: 0/45       AC: -3    Str: 10    XL:     7   Next: 14%
Magic:  7/7        EV: 15    Int: 14    God:    Dithmenos [*.....]
Gold:   227        SH:  0    Dex: 15    Spells: 6/6 levels left

rFire    . . .     SeeInvis .   a - +2 dagger
rCold    . . .     Gourm    .   (no shield)
rNeg     . . .     Faith    .   (helmet restricted)
rPois    .         Spirit   .   (no amulet)
rElec    .         Reflect  .   H - ring of wizardry
rCorr    .         Harm     .   (no ring)
MR       .....                  (no ring)
Stlth    +++++.....             (no ring)
Regen    0.2/turn               (no ring)
MPRegen  0.1/turn               (no ring)
                                (no ring)
                                (no ring)

@: corroded, wreathed by umbra
A: almost no armour, stealthy swim, amphibious, 8 rings, constrict 8, camouflage
1, gelatinous body 1
a: Renounce Religion


You were on level 5 of the Dungeon.
You worshipped Dithmenos.
Dithmenos was aware of your devotion.
You were not hungry.

You visited 1 branch of the dungeon, and saw 5 of its levels.

You collected 227 gold pieces.

Inventory:

Hand Weapons
 a - a +2 dagger (weapon)
 q - a +0 blowgun
Missiles
 c - 18 poisoned needles
 d - 2 curare-tipped needles
Jewellery
 H - a ring of wizardry (left tentacle)
 J - an uncursed ring of resist corrosion {unknown}
Wands
 I - a wand of iceblast (3/15)
Scrolls
 r - 3 scrolls of teleportation {unknown}
 t - 8 scrolls of identify {unknown}
 v - 3 scrolls of magic mapping {unknown}
 w - a scroll of immolation {unknown}
 D - a scroll of noise {unknown}
 F - 2 scrolls of amnesia {unknown}
 G - a scroll of remove curse {unknown}
Potions
 E - 3 potions of cancellation {unknown}
 Q - a potion of curing
Comestibles
 f - 3 bread rations
 u - 4 royal jellies
 z - 2 meat rations
 A - 8 fruits


   Skills:
 - Level 2.0 Fighting
 + Level 4.5 Short Blades
 - Level 2.0 Throwing
 + Level 4.2 Dodging
 + Level 8.0 Stealth


You had 6 spell levels left.
You didn't know any spells.

Dungeon Overview and Level Annotations

Branches:
Dungeon (5/15)
 Temple: D:4-7

Altars:
Ashenzari
Dithmenos

Annotations:
D:4 2 runed doors, PeterMcNeter's ghost, amateur HuCj


Innate Abilities, Weirdness & Mutations

You cannot wear most types of armour.
You are very stealthy in the water. (Stealth+)
You are amphibious.
You can wear up to eight rings at the same time.
You can use your tentacles to constrict eight enemies at once.
Your skin changes colour to match your surroundings (Stealth+).
Your rubbery body absorbs attacks. (AC +1, EV +1)


Message History

The iguana is almost dead.
You constrict the iguana.
You kill the iguana!
Dithmenos accepts your kill.
Your Stealth skill increases to level 8!
You hit the jelly.
Your tentacles burn!
The jelly is lightly wounded.
The jelly barely misses you.
You hit the jelly.
Your tentacles burn!
* * * LOW HITPOINT WARNING * * *
You squeeze the jelly.
The jelly is moderately wounded.
The jelly barely misses you.
You hit the jelly.
Your tentacles burn!
* * * LOW HITPOINT WARNING * * *
The jelly is moderately wounded.
The jelly hits you.
* * * LOW HITPOINT WARNING * * *
The acid corrodes you!
You are splashed with acid!
The acid burns!
You die...

..#.##..## .........#
....##..>#
....##(..############
.........((.(.......#
.$..##...####†#####.#
....##.........####.###.#
....####.#.##..J.8...>..#
.#### #.#.##.##@...#####
. #.#.##.##....#
#....#.##.P..#
##......###...#
#.......###...#
#.............#
#.......#######
.##.###..# #.#. #..#


You could see a jelly.

Vanquished Creatures
  A crimson imp (D:5)
  5 orc priests
  A centaur skeleton (D:5)
  An iguana (D:5)
  An orc wizard (D:5)
  2 hound zombies (D:5)
  A worker ant zombie (D:5)
  8 adders
  An adder zombie (D:5)
  2 worms (D:3)
  A dart slug (D:2)
  2 leopard geckos
  14 orcs
  4 giant cockroaches
  4 goblins
  11 hobgoblins
  9 jackals
  10 kobolds
  A quokka (D:5)
  A ball python skeleton (D:5)
  3 bats
  3 frilled lizards
  A giant cockroach zombie (D:5)
  A quokka skeleton (D:4)
  A quokka zombie (D:5)
  9 rats
98 creatures vanquished.

Notes
Turn   | Place    | Note
-------+----------+-------------------------------------------
     0 | D:1      | SedStubbie the Octopode Assassin began the quest for the Orb.
     0 | D:1      | Reached XP level 1. HP: 14/14 MP: 1/1
   192 | D:1      | Reached XP level 2. HP: 19/19 MP: 2/2
   721 | D:2      | Reached XP level 3. HP: 8/24 MP: 3/3
  1345 | D:2      | Reached XP level 4. HP: 29/29 MP: 4/4
  1603 | D:2      | Reached skill level 3 in Short Blades
  1706 | D:2      | Reached skill level 6 in Stealth
  1745 | D:3      | Found a shadowy altar of Dithmenos.
  1909 | D:3      | Reached skill level 3 in Dodging
  1909 | D:3      | Reached XP level 5. HP: 20/34 MP: 5/5
  2504 | D:3      | Found a shattered altar of Ashenzari.
  2805 | D:3      | Became a worshipper of Dithmenos the Shadowed
  3605 | D:3      | Reached skill level 7 in Stealth
  3605 | D:3      | Reached XP level 6. HP: 23/39 MP: 6/6
  3819 | D:4      | Noticed PeterMcNeter's ghost (amateur HuCj)
  3831 | D:4      | Found a large runed door.
  3832 | D:4      | Found a large runed door.
  3835 | D:5      | Entered Level 5 of the Dungeon
  3854 | D:5      | HP: 1/39 [orc priest/nerve-wracking pain (13)]
  4230 | D:5      | Reached * piety under Dithmenos
  4286 | D:5      | Reached XP level 7. HP: 30/45 MP: 7/7
  4359 | D:5      | Reached skill level 8 in Stealth
  4365 | D:5      | Splashed by a jelly's acid

Skill      XL: |  1  2  3  4  5  6  7 |
---------------+----------------------+-----
Dodging        | 2 3 4 |  4.2
Short Blades   | 3 4 |  4.5
Stealth        | 6 7 8 |  8.0
Fighting       | |  2.0
Throwing       | |  2.0

Action                   |  1- 3 |  4- 6 |  7- 9 || total
-------------------------+-------+-------+-------++-------
Melee: Dagger            |    51 |   176 |    21 ||   248
       Constrict         |    12 |    45 |     2 ||    59
       Tentacles         |     3 |    40 |     4 ||    47
 Fire: Blowgun           |       |     4 |     6 ||    10
  Use: Potion            |     1 |     1 |       ||     2
 Stab: Sleeping          |    16 |    14 |       ||    30
  Eat: Chunk             |     1 |     9 |     1 ||    11
Armor: Skin              |     6 |     7 |       ||    13
Dodge: Dodged            |    21 |    87 |    13 ||   121
